 Dungeon Crawl Stone Soup version 0.21.0-24-g2553a3340b (webtiles) character file.

602 Pixllover the Chopper (level 7, -6/91 HPs)
             Began as a Minotaur Berserker on Jan 20, 2018.
             Was a Priest of Trog.
             Mangled by a mummy (10 damage)
             ... in an ossuary.
             The game lasted 00:14:37 (4668 turns).

Pixllover the Chopper (Minotaur Berserker)          Turns: 4668, Time: 00:14:37

Health: -6/91      AC:  9    Str: 25 (28) XL:     7   Next: 18%
Magic:  6/6        EV: 11    Int:  4      God:    Trog [***...]
Gold:   262        SH:  0    Dex:  8 (10) Spells: 6/6 levels left

rFire    + . .     SeeInvis .   s - +1 broad axe
rCold    x . .     Gourm    .   (no shield)
rNeg     . . .     Faith    .   t - +0 scale mail
rPois    .         Spirit   .   (helmet restricted)
rElec    .         Reflect  .   i - +1 cloak
rCorr    .         Harm     .   (no gloves)
MR       .....                  (no boots)
Stlth    ..........             (no amulet)
HPRegen  0.25/turn              (no ring)
MPRegen  0.10/turn              k - ring of fire

@: berserking, very quick
A: retaliatory headbutt, horns 2
a: Berserk, Trog's Hand, Burn Spellbooks, Renounce Religion


You were in an ossuary.
You worshipped Trog.
Trog was most pleased with you.
You were not hungry.

You visited 1 branch of the dungeon, and saw 5 of its levels.
You also visited: Ossuary.

You collected 262 gold pieces.

Inventory:

Hand Weapons
 m - a +1 war axe
 s - a +1 broad axe (weapon)
Armour
 a - a +0 pair of gloves
 i - a +1 cloak (worn)
 t - a +0 scale mail (worn)
Jewellery
 b - a +4 ring of strength {unknown}
 h - an uncursed amulet of harm {unknown}
 k - a ring of fire (right hand)
Scrolls
 d - 2 scrolls of identify
 f - a scroll of teleportation
 j - 5 scrolls of remove curse
 u - 2 scrolls of blinking
 v - a scroll of fog
Potions
 e - 2 potions of heal wounds
 g - 3 potions of curing
 n - a potion of invisibility {unknown}
 o - a potion of lignification
Comestibles
 c - 8 rations


   Skills:
 + Level 5.3 Fighting
 + Level 7.1 Axes
 + Level 4.7 Armour
 + Level 3.7 Dodging
 + Level 1.3 Stealth


You had 6 spell levels left.
You didn't know any spells.

Dungeon Overview and Level Annotations

Branches:
Dungeon (5/15)             Temple (0/1) D:5

Altars:
Wu Jian
Yredelemnul


Innate Abilities, Weirdness & Mutations

You reflexively headbutt those who attack you in melee.
You have a pair of horns on your head.


Message History

A human zombie comes into view.
The human zombie moves out of view.
You hit the mummy. You headbutt the mummy.
The mummy is moderately damaged.
You barely miss the mummy.
You headbutt the mummy, but do no damage.
The mummy is moderately damaged.
The mummy hits you!
* * * LOW HITPOINT WARNING * * *
You hit the mummy but do no damage.
The mummy is moderately damaged.
The mummy hits you!
* * * LOW HITPOINT WARNING * * *
A red film seems to cover your vision as you go berserk!
You feel yourself moving faster!
You feel mighty!
You feel a lot more hungry. The human zombie barely misses you.
You barely miss the mummy.
The mummy is moderately damaged.
You slash the human zombie! The mummy hits you!
You die...

##'#######'###########+#
#...#...#.^.#.....#.....
#...8...#.^^'.....#.....
#.......#..^#.....8.....
##8...8######...........
#.......#..M#...........
#...8...#..?###8.†...8##
#...#...#!.!#..†........
######'###+##.Z@........
#...#...# #.M...8.....
#.∩.'.∩.#...'.....#.....
#...#...#...#.....#.....
########################


You could see a mummy and a human zombie.

Vanquished Creatures
  3 scorpions (Ossuary)
  Crazy Yiuf (D:3)
  A human zombie (Ossuary)
  2 orc priests (D:4)
  A centaur skeleton (D:4)
  A human skeleton (D:4)
  An orc wizard (D:4)
  A worker ant (D:4)
  2 big kobold zombies (Ossuary)
  8 adders
  A gnoll (D:1)
  2 scorpion zombies (Ossuary)
  An ooze (D:3)
  4 worms
  3 dart slugs
  2 leopard geckos
  4 orcs
  11 bats
  4 giant cockroaches
  9 goblins
  6 hobgoblins
  4 jackals (D:4)
  3 kobolds (D:2)
  3 quokkas
  3 frilled lizards
  A goblin skeleton (D:4)
  2 kobold zombies (Ossuary)
  A leopard gecko zombie (D:5)
  A quokka skeleton (D:4)
  4 rats
  4 fungi (D:3)
  A plant (D:1)
95 creatures vanquished.

Notes
Turn   | Place    | Note
-------+----------+-------------------------------------------
     0 | D:1      | Pixllover the Minotaur Berserker began the quest for the Orb.
     0 | D:1      | Reached XP level 1. HP: 19/19 MP: 0/0
   284 | D:1      | Reached skill level 4 in Axes
   284 | D:1      | Reached XP level 2. HP: 27/27 MP: 1/1
   932 | D:1      | Reached XP level 3. HP: 33/33 MP: 2/2
  1384 | D:2      | Reached ** piety under Trog
  1783 | D:2      | Reached XP level 4. HP: 32/41 MP: 3/3
  1879 | D:2      | Reached skill level 5 in Axes
  2099 | D:3      | Reached skill level 1 in Stealth
  2822 | D:3      | Found an ornate altar of the Wu Jian Council.
  3131 | D:3      | Found a runed door.
  3135 | D:3      | Noticed Crazy Yiuf
  3139 | D:3      | Killed Crazy Yiuf
  3139 | D:3      | Reached XP level 5. HP: 40/47 MP: 4/4
  3405 | D:4      | Reached skill level 6 in Axes
  3847 | D:4      | Reached XP level 6. HP: 44/55 MP: 5/5
  3852 | D:4      | Reached skill level 5 in Fighting
  3976 | D:4      | Noticed a human
  3977 | D:4      | Found a runed door.
  3983 | D:4      | Found a basalt altar of Yredelemnul.
  4132 | D:5      | Entered Level 5 of the Dungeon
  4482 | D:5      | Found a sand-covered staircase.
  4513 | Ossuary  | Entered an ossuary
  4574 | Ossuary  | Reached skill level 7 in Axes
  4601 | Ossuary  | Reached XP level 7. HP: 31/61 MP: 6/6
  4604 | Ossuary  | Reached *** piety under Trog
  4666 | Ossuary  | HP: 2/61 [mummy (10)]
  4668 | Ossuary  | Mangled by a mummy

Skill      XL: |  1  2  3  4  5  6 |
---------------+-------------------+-----
Axes           | 4 5 6 7 |  7.1
Fighting       | 4 5 |  5.3
Stealth        | 1 |  1.3
Armour         | 3 4 |  4.7
Dodging        | 3 |  3.7

Action                   |  1- 3 |  4- 6 |  7- 9 || total
-------------------------+-------+-------+-------++-------
Melee: Hand axe          |    66 |       |       ||    66
       Headbutt          |    20 |    19 |     3 ||    42
       War axe           |    31 |    42 |       ||    73
       Broad axe         |       |    96 |    10 ||   106
Invok: Berserk           |       |       |     1 ||     1
  Use: Scroll            |     6 |     7 |       ||    13
       Potion            |       |     6 |       ||     6
 Stab: Sleeping          |     1 |       |       ||     1
  Eat: Chunk             |     3 |     7 |       ||    10
       Ration            |       |     1 |       ||     1
Armor: Animal skin       |    17 |     5 |       ||    22
       Leather armour    |       |     5 |       ||     5
       Ring mail         |       |    13 |       ||    13
       Scale mail        |       |    38 |     4 ||    42
Dodge: Dodged            |    45 |    91 |     4 ||   140
